 Dungeon Crawl Stone Soup version 0.27.1 (webtiles) character file.

Game seed: 15748958274080405425

1748 ZARRMARR the Reanimator (level 8, -15/41 HPs)
             Began as a Deep Elf Necromancer on Aug 31, 2021.
             Killed by divine providence
             ... invoked by an orc priest
              (16 damage)
             ... on level 6 of the Dungeon.
             The game lasted 00:58:59 (7876 turns).

ZARRMARR the Reanimator (Deep Elf Necromancer)      Turns: 7876, Time: 00:59:00

Health: -15/41     AC:  7    Str:  5    XL:     8   Next: 78%
Magic:  10/22      EV: 15    Int: 23    God:
Gold:   280        SH:  0    Dex: 21    Spells: 11/23 levels left

rFire    + . .     SeeInvis .   n - +4 dagger (holy)
rCold    . . .     Faith    .   (no shield)
rNeg     . . .     Spirit   .   l - +2 robe {rF+}
rPois    .         Reflect  .   y - +1 helmet
rElec    .         Harm     .   g - +0 cloak
rCorr    .         Rampage  .   (no gloves)
Will     .....                  (no boots)
Stlth    +++.......             v - amulet of the acrobat
HPRegen  0.13/turn              d - ring of wizardry
MPRegen  0.18/turn              q - +6 ring of dexterity

@: no status effects
A: no striking features
a: no special abilities


You were on level 6 of the Dungeon.
You visited 1 branch of the dungeon, and saw 6 of its levels.
You also visited: Sewer.

You collected 280 gold pieces.

Inventory:

Hand Weapons
 n - a +4 dagger of holy wrath (weapon)
Missiles
 j - 9 poisoned darts (quivered)
Armour
 g - a +0 cloak (worn)
 l - a +2 robe of fire resistance (worn)
 y - a +1 helmet (worn)
Magical Staves
 i - a staff of conjuration
Jewellery
 c - a ring of fire
 d - a ring of wizardry (left hand)
 q - a +6 ring of dexterity (right hand)
 s - a +6 ring of dexterity
 v - an amulet of the acrobat (around neck)
 x - a ring of positive energy
Wands
 h - a wand of digging (6)
Scrolls
 a - a scroll of amnesia {unknown}
 e - a scroll of fog {unknown}
 f - a scroll of noise {unknown}
 t - a scroll of immolation {unknown}
 w - 2 scrolls of teleportation {unknown}
Potions
 m - a potion of might {unknown}
 o - a potion of berserk rage {unknown}
 p - 3 potions of flight
 u - 2 potions of lignification {unknown}
 z - a potion of curing


   Skills:
 * Level 4.8 Dodging
 * Level 5.3 Stealth
 + Level 8.1 Spellcasting
 * Level 3.5 Conjurations
 + Level 8.4 Necromancy
 * Level 3.4 Fire Magic
 * Level 3.5 Earth Magic


You had 11 spell levels left.
You knew the following spells:

 Your Spells              Type           Power      Damage    Failure   Level
a - Pain                  Necr           100%       1d9       1%          1
b - Vampiric Draining     Necr           24%        2d9       1%          3
c - Freeze                Ice            36%        1d6       2%          1
d - Animate Skeleton      Necr           96%        N/A       1%          1
e - Apportation           Tloc           18%        N/A       2%          1
f - Agony                 Necr           48%        N/A       2%          5

Your spell library contained the following spells:

 Spells                   Type           Power      Damage    Failure   Level
 Conjure Flame            Conj/Fire      25%        6-21      1%          3
 Animate Dead             Necr           24%        N/A       1%          4
 Slow                     Hex            9%         N/A       4%          2
 Inner Flame              Hex/Fire       17%        N/A       4%          3
 Ignite Poison            Fire/Tmut/Pois 14%        N/A       5%          3
 Mephitic Cloud           Conj/Pois/Air  14%        N/A       5%          3
 Sticky Flame             Conj/Fire      25%        2d5       7%          4
 Confusing Touch          Hex            9%         N/A       9%          3
 Frozen Ramparts          Ice            18%        1d3       9%          3
 Hailstorm                Conj/Ice       17%        3d6       13%         4
 Petrify                  Tmut/Erth      17%        N/A       13%         4
 Bolt of Magma            Conj/Fire/Erth 12%        4d8       17%         5
 Irradiate                Conj/Tmut      8%         3d16      34%         5
 Alistair's Intoxication  Tmut/Pois      6%         N/A       56%         5
 Blade Hands              Tmut           4%         N/A       56%         5
 Yara's Violent Unravell  Hex/Tmut       4%         3d4       56%         5
 Invisibility             Hex            4%         N/A       98%         6


Dungeon Overview and Level Annotations

Branches:
Dungeon (6/15)             Temple (0/1) D:6           Sewer (visited)

Altars:
Uskayaw
Yredelemnul
Zin

Annotations:
D:3 Sigmund


Message History

You hit the orc priest but do no damage.
The orc priest is almost dead.
The orc priest hits you but does no damage.
You completely miss the orc priest.
The orc priest is almost dead.
The orc priest hits you but does no damage.
You writhe in agony.
You hit the orc priest but do no damage.
The orc priest is almost dead.
The orc priest roars loudly, in orcish tradition.
The orc priest invokes the aid of Beogh against you.
You struggle to resist.
You hit the orc priest but do no damage.
The orc priest is almost dead.
The orc priest barely misses you.
You hit the orc priest but do no damage.
The orc priest is almost dead.
The orc priest closely misses you.
You barely miss the orc priest.
The orc priest is almost dead.
The orc priest hits you with a +0 dagger of pain.
You hit the orc priest but do no damage.
The orc priest is almost dead.
The orc priest misses you.
You hit the orc priest but do no damage.
The orc priest is almost dead.
The orc priest hits you but does no damage.
You writhe in agony.
* * * LOW HITPOINT WARNING * * *
You barely miss the orc priest.
The orc priest is almost dead.
The orc priest invokes the aid of Beogh against you.
Beogh smites you!
* * * LOW HITPOINT WARNING * * *
Unknown command.
You closely miss the orc priest.
The orc priest is almost dead.
The orc priest calls down the wrath of Beogh upon you.
Beogh smites you!
You die...

#..O. ##### ##'''#....P...# #####
###♣♣♣...♣♣♣♣....♣...♣P...#
♣♣..♣♣♣.♣.♣....P♣....((..♣P...†.#
.♣...P♣........♣.♣....(.P......##
.......P....).......)(..(.)...##
...................)).....###.###
.###.....#...#..##g.......# #.†..
.....######..##.#o#..[.#).###.##.
##..## #..##.@###...#.....###.
....#### #..##.## ##..........##
.......####..#.## ##.#..#.##.##
###..........##.## ##.##..#.# ...
# ####.####.###..###.###..... .##
# #............#.......>.## #
#.#.#########.###.#.#### #.#.#
### ....# ######.#.# # #..


You could see an orc priest and a hobgoblin.

Vanquished Creatures
  A sky beast (D:6)
  3 necrophages
  An ogre (D:5)
  A kobold brigand (Sewer)
  A scorpion (D:4)
  A wyvern skeleton (D:5)
  2 water moccasin skeletons
  4 killer bees (D:6)
  A howler monkey (D:6)
  7 hounds (D:6)
  A jelly (D:5)
  2 orc priests (D:6)
  Jessica (D:2)
  An iguana (D:5)
  3 orc wizards
  2 howler monkey zombies
  Robin (D:3)
  4 gnolls
  15 adders
  2 river rats
  A shadow imp (D:3)
  A white imp (D:5)
  2 ufetubi
  4 worms
  4 dart slugs
  23 orcs
  7 endoplasms
  A giant cockroach (D:2)
  11 goblins
  7 hobgoblins
  2 jackals (Sewer)
  16 kobolds
  5 quokkas
  10 ball pythons
  5 bats
  5 frilled lizards
  9 rats
167 creatures vanquished.

Vanquished Creatures (others)
  Grinder (D:3)
  A kobold (D:3)
  40 plants (D:6)
42 creatures vanquished.

Grand Total: 209 creatures vanquished

Notes
Turn   | Place    | Note
-------+----------+-------------------------------------------
     0 | D:1      | ZARRMARR the Deep Elf Necromancer began the quest for the
                  | Orb.
     0 | D:1      | Reached XP level 1. HP: 10/10 MP: 6/6
   336 | D:1      | Reached skill level 5 in Necromancy
   579 | D:1      | Learned a level 1 spell: Freeze
   639 | D:1      | Reached XP level 2. HP: 13/15 MP: 6/8
   977 | D:1      | Found a faded altar of an unknown god.
  1284 | D:2      | Reached XP level 3. HP: 16/19 MP: 7/10
  1293 | D:2      | Learned a level 3 spell: Vampiric Draining
  1787 | D:2      | Noticed Jessica
  1791 | D:2      | Killed Jessica
  1792 | D:2      | Reached XP level 4. HP: 21/24 MP: 7/12
  2599 | D:3      | Noticed Robin
  2608 | D:3      | Reached skill level 5 in Spellcasting
  2619 | D:3      | Killed Robin
  2853 | D:3      | Identified a scroll of acquirement
  2854 | D:3      | Acquired the Compendium of Fiery Shape Shifting
  2879 | D:3      | Reached XP level 5. HP: 28/28 MP: 10/14
  3662 | D:3      | Noticed Grinder
  3662 | D:3      | Noticed Sigmund
  3706 | D:4      | Noticed a necrophage
  3953 | D:4      | Reached skill level 1 in Fire Magic
  3953 | D:4      | Reached XP level 6. HP: 29/32 MP: 4/16
  3959 | D:4      | Reached skill level 1 in Conjurations
  4086 | D:4      | Noticed a +0 short sword
  4088 | D:4      | Noticed a +0 dagger
  4088 | D:4      | Noticed a +0 falchion
  4089 | D:4      | Noticed a +0 falchion
  4090 | D:4      | Noticed a +0 dagger
  4090 | D:4      | Noticed a +0 spear
  4090 | D:4      | Noticed a +0 spear
  4090 | D:4      | Noticed a +0 short sword
  4188 | D:4      | Found a hide-covered altar of Uskayaw.
  4254 | D:4      | Reached skill level 1 in Earth Magic
  4658 | D:4      | Learned a level 1 spell: Animate Skeleton
  4779 | D:5      | Entered Level 5 of the Dungeon
  4853 | D:5      | Found a basalt altar of Yredelemnul.
  4889 | D:5      | Reached XP level 7. HP: 15/35 MP: 18/18
  5434 | D:5      | Found a glowing silver altar of Zin.
  6150 | D:3      | Killed Grinder
  6174 | D:3      | Learned a level 1 spell: Apportation
  6557 | D:6      | Found a staircase to the Ecumenical Temple.
  6574 | D:6      | Reached XP level 8. HP: 33/41 MP: 3/20
  6922 | D:6      | Reached skill level 5 in Stealth
  7006 | D:6      | Found a glowing drain.
  7013 | Sewer    | Entered a sewer
  7171 | Sewer    | Learned a level 5 spell: Agony
  7426 | Sewer    | Found a glowing silver altar of Zin.
  7844 | D:6      | Identified the ring "Istrejuc" {Fire Drain rPois rN++}
  7875 | D:6      | HP: 1/41 [orc priest/divine providence (12)]
  7876 | D:6      | Killed from afar by an orc priest

Illustrated notes

Levels and vault maps discovered:
D:1:      dpeg_arrival_prison, layout_basic, chequers_ecumenical_altar_lobes
D:2:      minmay_angry_zag, layout_loops_ring, minmay_surrounded, uniq_jessica
D:3:      layout_loops_ring, lemuel_old_faithful, uniq_robin, uniq_grinder,
          uniq_sigmund
D:4:      layout_basic, nicolae_uskayaw_en_pointe, kennysheep_generic_room_5
D:5:      layout_basic, lemuel_round_altar, mainiacjoe_overflow_24_doors
D:6:      kennysheep_housing_project, layout_loops_ring,
          minmay_temple_entry_trees, ebering_ghost_rock_garden,
          lightli_sewer_entry_pipes, st_stairs_8

Skill      XL: |  1  2  3  4  5  6  7  8 |
---------------+-------------------------+-----
Necromancy     | 5 6 7 8 |  8.4
Spellcasting   | 4 5 6 7 8 |  8.1
Stealth        | 3 4 5 |  5.3
Dodging        | 3 4 |  4.8
Fire Magic     | 1 2 3 |  3.4
Conjurations   | 1 2 3 |  3.5
Earth Magic    | 1 2 3 |  3.5

Action                   |  1- 3 |  4- 6 |  7- 9 || total
-------------------------+-------+-------+-------++-------
Melee: Staff             |       |     3 |       ||     3
       Dagger            |       |    53 |   131 ||   184
Throw: Dart              |    10 |    51 |    46 ||   107
       Throwing net      |       |     3 |       ||     3
 Cast: Pain              |    54 |    79 |    79 ||   212
       Vampiric Draining |       |    11 |    38 ||    49
       Freeze            |       |     1 |       ||     1
       Apportation       |       |       |    20 ||    20
       Agony             |       |       |     2 ||     2
Evoke: Wand              |       |     9 |    20 ||    29
  Use: Scroll            |       |     7 |     6 ||    13
       Potion            |       |     1 |     5 ||     6
 Stab: Distracted        |       |     1 |       ||     1
       Sleeping          |       |       |     1 ||     1
Armor: Robe              |       |    14 |    33 ||    47
Dodge: Dodged            |       |    32 |   112 ||   144
